[ PARTIDA AOE2 · #513861176 ]
UnrankedArmenios vs Teutons
Equipo del jugador · VICT
Equipo rival · DERR
[ ANÁLISIS DE REPETICIÓN · EXTRAÍDO DE LA PARTIDA GRABADA ]
Feudal
9:02
Castillos
27:42
Imperial
—
| APM promedio | 23.6 |
| APM pico | 47 |
| eAPM promedio | 14.3 |
| Aldeanos / militares | 65 / 17 |
Foco
⚔️ 25.4% · 🌾 74.6%
Militia ×17
Feudal
10:42
Castillos
—
Imperial
—
| APM promedio | 57.2 |
| APM pico | 118 |
| eAPM promedio | 17.1 |
| Aldeanos / militares | 67 / 46 |
Foco
⚔️ 29.6% · 🌾 70.4%
Militia ×31 · Archer ×13 · Skirmisher ×2
Mapa de la partida
Recursos iniciales + cada clic de construcción. Líneas = muros · curvas = relieve. ◆ oro · ⬟ piedra · ● bayas · ✦ reliquia · ◌ hueco del cierre
Tu base· Abierta — flanco sin cerrar
Base de PapaLeaoX· Abierta — flanco sin cerrar
Terreno inicial suavizado · ◌ = hueco del cierre detectado · pasá el cursor para detalles
Inputs por minuto
— Nessius Blaze - - PapaLeaoX
Build order — Nessius Blaze
129 acciones detectadas en el replay
| 0:01 | Encolar | Villager (Male) ×4 |
| 0:01 | Encolar | Villager (Male) ×4 |
| 0:02 | Construir | House |
| 0:04 | Construir | House |
| 1:37 | Encolar | Villager (Male) |
| 1:55 | Encolar | Villager (Male) |
| 2:17 | Encolar | Villager (Male) |
| 2:18 | Encolar | Villager (Male) |
| 2:56 | Encolar | Villager (Male) |
| 2:56 | Encolar | Villager (Male) |
| 3:15 | Encolar | Villager (Male) |
| 3:16 | Encolar | Villager (Male) |
| 3:35 | Construir | Mule Cart |
| 3:45 | Encolar | Villager (Male) |
| 3:45 | Encolar | Villager (Male) |
| 3:48 | Construir | House |
| 3:50 | Construir | Mule Cart |
| 4:05 | Investigar | Loom |
| 4:05 | Encolar | Villager (Male) |
| 4:06 | Encolar | Villager (Male) |
| 4:06 | Encolar | Villager (Male) |
| 4:57 | Encolar | Villager (Male) |
| 4:58 | Encolar | Villager (Male) |
| 4:58 | Encolar | Villager (Male) |
| 6:17 | Construir | Mill |
| 6:20 | Encolar | Villager (Male) |
| 6:52 | Investigar | Feudal Age |
| 6:52 | Investigar | Feudal Age |
| 7:26 | Encolar | Villager (Male) |
| 7:26 | Encolar | Villager (Male) |
| 7:49 | Construir | Barracks |
| 8:20 | Encolar | Militia |
| 8:20 | Encolar | Militia |
| 8:21 | Encolar | Militia |
| 8:35 | Encolar | Villager (Male) |
| 9:02 | Edad | Edad Feudal |
| 9:02 | Investigar | Double-Bit Axe |
| 9:02 | Investigar | Double-Bit Axe |
| 9:05 | Investigar | Man-at-Arms (upgrade) |
| 9:12 | Construir | House |
| 9:13 | Construir | House |
| 9:36 | Encolar | Militia |
| 9:36 | Encolar | Militia |
| 9:37 | Encolar | Villager (Male) |
| 9:38 | Encolar | Villager (Male) |
| 10:02 | Encolar | Militia |
| 10:02 | Encolar | Militia |
| 10:21 | Encolar | Villager (Male) |
| 10:37 | Construir | Mule Cart |
| 10:50 | Construir | Watch Tower |
| 10:55 | Encolar | Militia |
| 10:55 | Encolar | Militia |
| 10:55 | Encolar | Militia |
| 11:00 | Encolar | Villager (Male) |
| 11:00 | Encolar | Villager (Male) |
| 11:00 | Encolar | Villager (Male) |
| 11:39 | Construir | Mule Cart |
| 12:01 | Encolar | Militia |
| 12:01 | Encolar | Militia |
| 12:28 | Encolar | Villager (Male) |
| 12:40 | Construir | House |
| 13:07 | Construir | Watch Tower |
| 13:21 | Encolar | Villager (Male) |
| 13:47 | Encolar | Villager (Male) |
| 13:47 | Encolar | Villager (Male) |
| 13:52 | Construir | Farm |
| 13:54 | Construir | Farm |
| 13:59 | Construir | Farm |
| 14:01 | Encolar | Villager (Male) |
| 14:24 | Construir | Market |
| 14:31 | Construir | Blacksmith |
| 14:34 | Encolar | Villager (Male) |
| 15:14 | Encolar | Villager (Male) |
| 15:15 | Encolar | Villager (Male) |
| 15:16 | Encolar | Villager (Male) |
| 15:19 | Construir | House |
| 16:02 | Encolar | Villager (Male) |
| 16:02 | Encolar | Villager (Male) |
| 16:10 | Construir | Watch Tower |
| 16:20 | Encolar | Militia |
| 16:20 | Encolar | Militia |
| 16:21 | Encolar | Militia |
| 16:24 | Encolar | Militia |
| 16:24 | Encolar | Militia |
| 16:48 | Encolar | Villager (Male) |
| 17:24 | Encolar | Villager (Male) |
| 17:24 | Encolar | Villager (Male) |
| 17:24 | Encolar | Villager (Male) |
| 17:32 | Construir | Farm |
| 17:52 | Construir | Farm |
| 17:55 | Construir | Farm |
| 18:01 | Construir | Farm |
| 18:11 | Construir | Watch Tower |
| 18:36 | Investigar | Fletching |
| 18:56 | Encolar | Villager (Male) |
| 19:05 | Construir | Watch Tower |
| 19:31 | Encolar | Villager (Male) |
| 19:32 | Encolar | Villager (Male) |
| 20:12 | Encolar | Villager (Male) |
| 20:13 | Encolar | Villager (Male) |
| 20:28 | Construir | Watch Tower |
| 21:03 | Encolar | Villager (Male) |
| 21:04 | Encolar | Villager (Male) |
| 21:36 | Construir | House |
| 21:37 | Construir | House |
| 21:45 | Encolar | Villager (Male) |
| 22:26 | Encolar | Villager (Male) |
| 22:26 | Encolar | Villager (Male) |
| 22:34 | Construir | Watch Tower |
| 22:50 | Construir | Farm |
| 22:52 | Construir | Farm |
| 22:55 | Construir | Farm |
| 22:58 | Construir | Farm |
| 23:00 | Construir | Farm |
| 23:03 | Construir | Farm |
| 23:06 | Construir | Farm |
| 23:15 | Encolar | Villager (Male) |
| 23:49 | Construir | Farm |
| 23:50 | Encolar | Villager (Male) |
| 24:11 | Encolar | Villager (Male) |
| 25:02 | Investigar | Castle Age |
| 25:34 | Construir | Watch Tower |
| 25:38 | Construir | Watch Tower |
| 26:42 | Encolar | Villager (Male) |
| 26:42 | Encolar | Villager (Male) |
| 26:42 | Encolar | Villager (Male) |
| 27:42 | Edad | Edad de los Castillos |
| 27:44 | Construir | Castle |
| 27:48 | Investigar | Bodkin Arrow |
Build order — PapaLeaoX
Primeras 150 de 163 acciones detectadas
| 0:02 | Construir | House |
| 0:06 | Construir | House |
| 0:07 | Encolar | Villager (Male) |
| 0:07 | Encolar | Villager (Male) |
| 0:07 | Encolar | Villager (Male) |
| 0:07 | Encolar | Villager (Male) |
| 0:07 | Encolar | Villager (Male) |
| 0:31 | Investigar | Loom |
| 1:12 | Encolar | Villager (Male) |
| 1:13 | Encolar | Villager (Male) |
| 1:13 | Encolar | Villager (Male) |
| 1:13 | Encolar | Villager (Male) |
| 1:13 | Encolar | Villager (Male) |
| 1:31 | Construir | House |
| 1:33 | Construir | House |
| 1:49 | Encolar | Villager (Male) |
| 1:49 | Encolar | Villager (Male) |
| 1:50 | Encolar | Villager (Male) |
| 2:34 | Encolar | Villager (Male) |
| 2:35 | Encolar | Villager (Male) |
| 2:35 | Encolar | Villager (Male) |
| 2:57 | Encolar | Villager (Male) |
| 2:57 | Encolar | Villager (Male) |
| 3:06 | Construir | Lumber Camp |
| 3:43 | Encolar | Villager (Male) |
| 3:43 | Encolar | Villager (Male) |
| 4:35 | Encolar | Villager (Male) |
| 4:35 | Encolar | Villager (Male) |
| 4:35 | Encolar | Villager (Male) |
| 4:36 | Encolar | Villager (Male) |
| 6:00 | Encolar | Villager (Male) |
| 6:01 | Encolar | Villager (Male) |
| 6:01 | Encolar | Villager (Male) |
| 6:01 | Encolar | Villager (Male) |
| 6:01 | Encolar | Villager (Male) |
| 6:19 | Encolar | Villager (Male) |
| 6:19 | Encolar | Villager (Male) |
| 7:23 | Construir | Barracks |
| 7:29 | Encolar | Villager (Male) |
| 8:33 | Investigar | Feudal Age |
| 8:40 | Construir | House |
| 8:42 | Encolar | Militia ×2 |
| 8:46 | Construir | House |
| 9:36 | Construir | House |
| 9:43 | Construir | Mining Camp |
| 10:02 | Construir | Palisade Wall |
| 10:03 | Construir | Palisade Wall |
| 10:04 | Construir | Palisade Wall |
| 10:06 | Construir | Palisade Wall |
| 10:07 | Construir | Palisade Wall |
| 10:08 | Construir | Palisade Wall |
| 10:14 | Construir | Palisade Wall |
| 10:18 | Construir | Palisade Wall |
| 10:19 | Construir | Palisade Wall |
| 10:21 | Construir | Palisade Wall |
| 10:22 | Construir | Palisade Wall |
| 10:23 | Construir | Palisade Wall |
| 10:39 | Encolar | Villager (Male) |
| 10:39 | Encolar | Villager (Male) |
| 10:42 | Edad | Edad Feudal |
| 11:04 | Construir | Archery Range |
| 11:14 | Encolar | Villager (Male) |
| 11:14 | Encolar | Villager (Male) |
| 11:18 | Investigar | Man-at-Arms (upgrade) |
| 11:50 | Encolar | Skirmisher |
| 11:50 | Encolar | Skirmisher |
| 12:06 | Construir | Watch Tower |
| 12:42 | Encolar | Militia ×2 |
| 12:44 | Encolar | Villager (Male) |
| 12:44 | Encolar | Villager (Male) |
| 13:47 | Encolar | Villager (Male) |
| 13:47 | Encolar | Villager (Male) |
| 13:47 | Encolar | Villager (Male) |
| 13:48 | Encolar | Villager (Male) |
| 13:48 | Encolar | Villager (Male) |
| 14:13 | Encolar | Villager (Male) |
| 14:13 | Encolar | Villager (Male) |
| 14:20 | Encolar | Archer ×4 |
| 14:30 | Construir | Mill |
| 14:41 | Encolar | Militia ×2 |
| 14:46 | Construir | House |
| 14:47 | Construir | House |
| 14:48 | Construir | House |
| 14:49 | Construir | House |
| 15:14 | Encolar | Villager (Male) |
| 15:30 | Encolar | Militia |
| 15:56 | Encolar | Militia ×2 |
| 16:41 | Encolar | Militia ×3 |
| 16:47 | Construir | Lumber Camp |
| 17:21 | Construir | Farm |
| 17:21 | Construir | Farm |
| 17:21 | Construir | Farm |
| 17:21 | Construir | Farm |
| 17:21 | Construir | Farm |
| 17:22 | Construir | Farm |
| 17:30 | Encolar | Archer ×5 |
| 17:40 | Construir | Farm |
| 17:42 | Construir | Farm |
| 17:44 | Encolar | Villager (Male) |
| 17:44 | Encolar | Villager (Male) |
| 17:44 | Encolar | Villager (Male) |
| 18:05 | Construir | House |
| 18:05 | Construir | House |
| 18:58 | Encolar | Villager (Male) |
| 19:30 | Encolar | Villager (Male) |
| 19:30 | Encolar | Villager (Male) |
| 19:31 | Encolar | Villager (Male) |
| 20:13 | Construir | Barracks |
| 20:42 | Construir | Blacksmith |
| 21:06 | Investigar | Fletching |
| 21:07 | Encolar | Villager (Male) |
| 21:07 | Encolar | Villager (Male) |
| 21:07 | Encolar | Villager (Male) |
| 21:08 | Encolar | Villager (Male) |
| 21:13 | Encolar | Militia ×3 |
| 21:13 | Encolar | Militia ×3 |
| 21:36 | Construir | Farm |
| 21:37 | Investigar | Horse Collar |
| 21:58 | Investigar | Double-Bit Axe |
| 22:26 | Encolar | Militia ×3 |
| 22:26 | Encolar | Militia ×3 |
| 22:33 | Encolar | Villager (Male) |
| 22:34 | Encolar | Villager (Male) |
| 22:45 | Encolar | Archer |
| 22:45 | Encolar | Archer |
| 22:49 | Construir | Farm |
| 22:49 | Construir | Farm |
| 22:49 | Construir | Farm |
| 22:49 | Construir | Farm |
| 22:50 | Construir | Farm |
| 22:50 | Construir | Farm |
| 22:50 | Construir | Farm |
| 22:50 | Construir | Farm |
| 22:50 | Construir | Farm |
| 22:51 | Construir | Farm |
| 22:51 | Construir | Farm |
| 22:51 | Construir | Farm |
| 23:06 | Construir | Farm |
| 23:08 | Encolar | Villager (Male) |
| 23:08 | Encolar | Villager (Male) |
| 23:19 | Construir | Farm |
| 23:24 | Construir | House |
| 23:24 | Construir | House |
| 23:25 | Construir | House |
| 23:25 | Construir | House |
| 23:26 | Construir | House |
| 23:35 | Encolar | Militia ×2 |
| 23:55 | Investigar | Arson |
| 24:18 | Investigar | Scale Mail Armor |
| 24:21 | Investigar | Forging |
Cronología de la partida
| 7:23 | PapaLeaoX · first_building Barracks |
| 7:49 | Nessius Blaze · first_building Barracks |
| 9:02 | Nessius Blaze · age_up feudal |
| 10:02 | PapaLeaoX · wall_segment Palisade Wall x1 |
| 10:03 | PapaLeaoX · wall_segment Palisade Wall x1 |
| 10:04 | PapaLeaoX · wall_segment Palisade Wall x1 |
| 10:06 | PapaLeaoX · wall_segment Palisade Wall x1 |
| 10:07 | PapaLeaoX · wall_segment Palisade Wall x1 |
| 10:08 | PapaLeaoX · wall_segment Palisade Wall x1 |
| 10:14 | PapaLeaoX · wall_segment Palisade Wall x1 |
| 10:18 | PapaLeaoX · wall_segment Palisade Wall x1 |
| 10:19 | PapaLeaoX · wall_segment Palisade Wall x1 |
| 10:21 | PapaLeaoX · wall_segment Palisade Wall x1 |
| 10:22 | PapaLeaoX · wall_segment Palisade Wall x1 |
| 10:23 | PapaLeaoX · wall_segment Palisade Wall x1 |
| 10:42 | PapaLeaoX · age_up feudal |
| 11:04 | PapaLeaoX · first_building Archery Range |
| 15:09 | Nessius Blaze · first_market_buy 100 food |
| 15:12 | Nessius Blaze · first_market_sell 500 wood |
| 27:21 | PapaLeaoX · first_market_buy 100 food |
| 27:42 | Nessius Blaze · age_up castle |
| 27:44 | Nessius Blaze · first_building Castle |
| 28:00 | PapaLeaoX · resign |
[ ANÁLISIS IA · 1 CRÉDITO ]
¿Qué pasó realmente en esta partida?
Wolo.gg analiza cada decisión: build order, eco, micro, errores típicos por bracket. Análisis personalizado por WhatsApp o Discord en 30 segundos.
Guía civ
Armenios
Perfil
Jugador #14262476